General information
- name: BNet
- type: Ladder 1vs1/FFA
- host: Battle.net
- saver: dota_Star6666
map: TerenasStand
- players: 2
- length: 87:51
- speed: Fast
- version: 1.24 W3XP
- replay type: Public
» download(189 KB)
Players
team 1 (loser)

»
Beans[K] (
purple | 18 APM | 1617 actions | 87:49)
4 Death Knight
2 Death Coil
2 Unholy Aura
3 Lich
2 Frost Nova
1 Frost Armor
» actions
| Assign group hotkey | 23 | |
| Basic commands | 10 | |
| Build / train | 71 | |
| ESC pressed | 1 | |
| Enter build submenu | 19 | |
| Enter hero's abilities submenu | 8 | |
| Give item / drop item | 5 | |
| Right click | 872 | |
| Select / deselect | 509 | |
| Select group hotkey | 38 | |
| Use ability | 61 | |
1617 total
» units
| Acolyte | 18 | |
| Ghoul | 2 | |
| Crypt Fiend | 16 | |
| Gargoyle | 4 | |
| Obsidian Statue | 2 | |
42 total
» upgrades
| Web | 1 | |
| Creature Attack | 1 | |
| Burrow | 1 | |
3 total
» buildings
| Altar of Darkness | 1 | |
| Ziggurat | 8 | |
| Crypt | 1 | |
| Graveyard | 1 | |
| Tomb of Relics | 1 | |
| Nerubian Tower | 1 | |
| Halls of the Dead | 1 | |
| Spirit Tower | 1 | |
| Black Citadel | 2 | |
| Slaughterhouse | 1 | |
| Necropolis | 1 | |
19 total
» build order
00:10 Altar of Darkness
00:12 Ziggurat
00:34 Crypt
01:05 Graveyard
01:17 Ziggurat
01:44 Tomb of Relics
02:06 Nerubian Tower
03:17 Ziggurat
04:50 Halls of the Dead
06:55 Spirit Tower
06:57 Ziggurat
09:06 Black Citadel
16:30 Slaughterhouse
17:03 Ziggurat
17:54 Ziggurat
20:05 Necropolis
24:50 Ziggurat
24:53 Ziggurat
» items
| Rod of Necromancy | 2 | |
| Dust of Appearance | 4 | |
| Potion of Healing | 1 | |
| Boots of Speed | 1 | |
| Potion of Lesser Invulnerability | 1 | |
| Scroll of Healing | 1 | |
| Sacrificial Skull | 1 | |
11 total
team 2 (winner)
dota_Star6666 (
teal | 40 APM | 3486 actions | 87:51)
8 Blademaster
3 Wind Walk
3 Critical Strike
1 Bladestorm
1 Mirror Image
» actions
| Assign group hotkey | 66 | |
| Basic commands | 218 | |
| Build / train | 120 | |
| ESC pressed | 8 | |
| Enter build submenu | 144 | |
| Enter hero's abilities submenu | 8 | |
| Give item / drop item | 16 | |
| Right click | 1393 | |
| Select / deselect | 763 | |
| Select group hotkey | 408 | |
| Use ability | 341 | |
3486 total
» units
| Peon | 14 | |
| Wind Rider | 4 | |
| Goblin Shredder | 5 | |
| Troll Batrider | 16 | |
| Kodo Beast | 3 | |
| Raider | 2 | |
| Spirit Walker | 3 | |
| Goblin Zeppelin | 1 | |
| Demolisher | 1 | |
49 total
» upgrades
| Ranged Weapons | 4 | |
| Liquid Fire | 1 | |
| Reinforced Defenses | 1 | |
| Armor | 3 | |
| Ensnare | 1 | |
| Envenomed Spears | 1 | |
| War Drums Damage Increase | 1 | |
| Melee Weapons | 3 | |
| Shaman Training | 2 | |
| Witch Doctor Training | 2 | |
| Spirit Walker Training | 2 | |
| Pulverize | 1 | |
| Spiked Barricades | 1 | |
| Burning Oil | 1 | |
| Berserker Strength | 1 | |
| Troll Regeneration | 1 | |
| Berserker Upgrade | 1 | |
27 total
» buildings
| Altar of Storms | 1 | |
| Orc Burrow | 10 | |
| Voodoo Lounge | 3 | |
| War Mill | 1 | |
| Stronghold | 1 | |
| Watch Tower | 145 | |
| Beastiary | 3 | |
| Fortress | 1 | |
| Great Hall | 4 | |
| Spirit Lodge | 3 | |
| Tauren Totem | 2 | |
| Barracks | 1 | |
175 total
» build order
00:06 Altar of Storms
00:18 Orc Burrow
00:54 Voodoo Lounge
01:17 Orc Burrow
01:49 War Mill
03:08 Stronghold
03:34 Watch Tower
04:38 Watch Tower
04:48 Watch Tower
04:49 Watch Tower
04:56 Watch Tower
05:36 Beastiary
06:14 Beastiary
06:17 Watch Tower
06:42 Orc Burrow
08:52 Orc Burrow
10:40 Fortress
12:50 Great Hall
15:20 Watch Tower
15:21 Watch Tower
15:23 Watch Tower
15:24 Watch Tower
15:25 Watch Tower
15:26 Watch Tower
15:27 Watch Tower
16:14 Watch Tower
17:17 Watch Tower
20:06 Beastiary
20:07 Watch Tower
22:39 Great Hall
22:42 Watch Tower
22:43 Watch Tower
22:44 Watch Tower
22:46 Watch Tower
22:48 Watch Tower
22:50 Watch Tower
23:26 Orc Burrow
24:26 Watch Tower
24:27 Watch Tower
24:29 Watch Tower
24:53 Watch Tower
29:03 Great Hall
29:09 Watch Tower
29:10 Watch Tower
29:11 Watch Tower
29:12 Watch Tower
29:13 Watch Tower
29:14 Watch Tower
30:33 Watch Tower
30:39 Watch Tower
30:49 Voodoo Lounge
31:42 Orc Burrow
39:07 Great Hall
39:10 Orc Burrow
39:16 Voodoo Lounge
39:20 Watch Tower
39:22 Watch Tower
39:23 Watch Tower
39:25 Watch Tower
39:55 Orc Burrow
39:58 Orc Burrow
40:09 Orc Burrow
40:47 Watch Tower
40:50 Watch Tower
40:55 Watch Tower
40:58 Watch Tower
44:05 Spirit Lodge
44:10 Spirit Lodge
44:16 Tauren Totem
45:19 Watch Tower
46:07 Watch Tower
46:08 Watch Tower
46:09 Watch Tower
46:12 Watch Tower
46:12 Watch Tower
46:15 Watch Tower
46:15 Watch Tower
49:19 Watch Tower
49:20 Watch Tower
49:27 Watch Tower
49:28 Watch Tower
49:41 Watch Tower
49:53 Watch Tower
49:54 Watch Tower
49:55 Watch Tower
49:57 Watch Tower
49:58 Watch Tower
50:04 Watch Tower
50:06 Watch Tower
50:08 Watch Tower
50:09 Watch Tower
50:11 Watch Tower
50:13 Watch Tower
50:17 Watch Tower
50:19 Watch Tower
50:21 Watch Tower
50:22 Watch Tower
50:24 Watch Tower
50:25 Watch Tower
50:32 Watch Tower
50:34 Watch Tower
50:35 Watch Tower
50:47 Watch Tower
51:03 Watch Tower
51:06 Watch Tower
51:11 Watch Tower
51:12 Watch Tower
51:15 Watch Tower
52:12 Watch Tower
52:13 Watch Tower
52:19 Watch Tower
52:28 Watch Tower
52:30 Watch Tower
52:31 Watch Tower
52:32 Watch Tower
52:33 Watch Tower
52:34 Watch Tower
52:35 Watch Tower
52:37 Watch Tower
54:27 Watch Tower
54:29 Watch Tower
59:47 Tauren Totem
60:03 Spirit Lodge
60:07 Watch Tower
60:08 Watch Tower
60:09 Watch Tower
60:10 Watch Tower
60:14 Watch Tower
60:15 Watch Tower
60:15 Watch Tower
64:39 Watch Tower
64:44 Watch Tower
64:45 Watch Tower
64:48 Watch Tower
64:49 Watch Tower
64:54 Watch Tower
64:56 Watch Tower
75:23 Barracks
75:39 Watch Tower
77:37 Watch Tower
78:01 Watch Tower
78:02 Watch Tower
78:04 Watch Tower
78:08 Watch Tower
78:09 Watch Tower
78:10 Watch Tower
78:11 Watch Tower
78:28 Watch Tower
78:55 Watch Tower
80:01 Watch Tower
80:02 Watch Tower
81:47 Watch Tower
81:52 Watch Tower
81:57 Watch Tower
82:09 Watch Tower
82:14 Watch Tower
84:57 Watch Tower
85:00 Watch Tower
85:01 Watch Tower
85:04 Watch Tower
85:08 Watch Tower
85:14 Watch Tower
85:24 Watch Tower
85:35 Watch Tower
85:42 Watch Tower
85:46 Watch Tower
85:53 Watch Tower
86:10 Watch Tower
86:35 Watch Tower
87:28 Watch Tower
87:32 Watch Tower
87:34 Watch Tower
87:36 Watch Tower
87:38 Watch Tower
87:39 Watch Tower
» items
| Healing Salve | 8 | |
| Lesser Clarity Potion | 13 | |
| Boots of Speed | 1 | |
| Staff of Teleportation | 1 | |
| Potion of Healing | 3 | |
| Orb of Lightning | 1 | |
| Potion of Lesser Invulnerability | 2 | |
| Periapt of Vitality | 1 | |
| Potion of Mana | 2 | |
| Tiny Great Hall | 1 | |
33 total
Chat log
(25:47 / All) dota_Star6666: use your dust.
(25:54 / All) dota_Star6666: there ya go
(26:25 / All) dota_Star6666: why are your fiends staying still
(26:53 / All) dota_Star6666: hey
(26:55 / All) dota_Star6666: youneed workers
(27:02 / All) dota_Star6666: did you remember to hide one?
(27:19 / All) dota_Star6666: wow, undeads are so hopeless
(27:24 / All) dota_Star6666: dont go anywhere ill help ya out
(27:56 / All) dota_Star6666: here i brought you a present
(28:04 / All) dota_Star6666: its called a tiny great hall
(28:21 / All) dota_Star6666: since you cant figure out how to expand, you probably dont know what it is
(28:26 / All) dota_Star6666: use it, and you get a necropolis
(28:34 / All) dota_Star6666: neat huh?
(29:32 / All) dota_Star6666: you havent used the tiny great hall
(29:35 / All) dota_Star6666: I find this very upsetting
(29:44 / All) dota_Star6666: i must punish your crypt fiends for their master's incompetence
(29:59 / All) dota_Star6666: ok now ill leave you alone
(31:34 / All) dota_Star6666: id heard that undead players dont know how to do anything but creep fiends
(31:38 / All) dota_Star6666: but i didnt believe it
(31:58 / All) dota_Star6666: instead of expanding, or splitting your forces to guard against batriders
(32:05 / All) dota_Star6666: you ran off to creep that mercenary camp
(32:22 / All) dota_Star6666: maybe i can use this game to teach you
(32:56 / All) dota_Star6666: lesson #1 is called upkeep
(33:04 / All) dota_Star6666: right now im at 50 food with 3 gold mines
(33:25 / All) dota_Star6666: that means i get enough gold to buy, i dont know, grand cayman
(33:43 / All) dota_Star6666: allowing someone to expand and stay under 50 food is a BAD idea
(34:00 / All) dota_Star6666: staying under 50 food )instead of throwing gargoyes at my batriders would have been a GOOD idea
(34:18 / All) dota_Star6666: lesson #2: scouting
(34:32 / All) dota_Star6666: if you know that your opponent's forces are weaker than yours
(34:38 / All) dota_Star6666: say, if i dont build a barracks
(34:52 / All) dota_Star6666: you dont need a 50 food arm)y of crypt fiends just to creep orange camps
(35:03 / All) dota_Star6666: 2-3 fiends burrowed in your base can guard nicely against batrider rushes
(35:14 / All) dota_Star6666: lesson #3: being afk
(35:27 / All) dota_Star6666: sometimes it happens, but if you go afk instead of simply leaving when youre beaten, it says two things
(35:50 / All) dota_Star6666: first of all, that youre trying to "get even" by making the game last longer
(36:06 / All) dota_Star6666: which doesnt make sense considering you logged on with the intent of playing warcraft 3
(36:11 / All) dota_Star6666: not with letting your computer idle
(36:24 / All) dota_Star6666: so instead of wasting my own time, youre wasting yours
(36:30 / All) dota_Star6666: and second, it lets me know that youre upset
(36:43 / All) dota_Star6666: also a bad idea
(37:18 / All) dota_Star6666: but youre learning, so ill give you the time to jump back into warcraft land on your own terms
(37:26 / All) dota_Star6666: feel free to leave as soon as you see the chat log
(87:49 / All) dota_Star6666: thats a shame